[Event "Turkish Cup 2022"]
[Site "Sakarya"]
[Date "2022.03.26"]
[Round "3.3"]
[White "Daghan, Devran"]
[Black "Gunduz, Umut Erdem"]
[Result "1-0"]
[ECO "C56"]
[WhiteElo "1985"]
[BlackElo "2258"]
[Annotator "ChessBase"]
[PlyCount "165"]
[EventDate "2022.03.25"]
[EventType "swiss"]
[EventCountry "TUR"]
[SourceTitle "playchess.com"]
[Source "ChessBase"]
[SourceQuality "1"]
[TimeControl "5400+30"]

1. e4 e5 2. Nf3 Nc6 3. Bc4 Nf6 4. d4 exd4 5. Ng5 d5 6. exd5 Qe7+ 7. Kf1 Ne5 8. Qxd4 h6 9. Ne4 Nxc4 10. Nxf6+ Qxf6 11. Qxc4 Bd6 12. Nc3 O-O 13. Be3 Bf5 14. Rc1 Rfe8 15. Kg1 Qg6 16. Ne2 Re4 17. Qb3 Rae8 18. Ng3 Rg4 19. c4 b6 20. Nxf5 Qxf5 21. h3 Rg6 22. Qc2 Re4 23. Qd1 Qe5 24. Rc3 Bb4 25. Rd3 Rxc4 26. g3 Bd6 27. Bd4 Qe4 28. Bc3 Qf5 29. Kg2 b5 30. a3 Rf4 31. Rf3 Rxf3 32. Qxf3 Qc2 33. g4 f5 34. Re1 Kh7 35. Re2 Qb1 36. Re1 Qc2 37. Re2 Qb1 38. Re1 fxg4 39. hxg4 Qc2 40. Re2 Qb1 41. Re1 Qc2 42. Re2 Qd1 43. Qe4 Qc1 44. Qf5 Qg5 45. Kf3 Qxf5+ 46. gxf5 Rg5 47. Ke4 Rg4+ 48. Kd3 Rf4 49. f6 gxf6 50. Bd4 h5 51. Re8 h4 52. Re1 Kg6 53. Rg1+ Kf5 54. Rg7 a6 55. Be3 Rc4 56. Rh7 Ke5 57. Rh5+ f5 58. f4+ Kxd5 59. b3 Rc6 60. Rxf5+ Ke6 61. Rh5 Be7 62. f5+ Kf7 63. Rh7+ Ke8 64. Bd4 Bg5 65. Rh5 Be7 66. Ke4 Bxa3 67. f6 Bf8 68. Rxh4 Rc1 69. Rh7 c5 70. Be5 Rd1 71. Ra7 Rd7 72. Rxa6 Kf7 73. Kf5 Rb7 74. Ra1 c4 75. bxc4 bxc4 76. Rh1 Rd7 77. Rh7+ Ke8 78. Rh4 c3 79. Rc4 Rd5 80. Ke6 Rc5 81. f7+ Kd8 82. Rxc5 Bxc5 83. Bd6 1-0

[Event "Turkish Cup 2022"]
[Site "Sakarya"]
[Date "2022.03.26"]
[Round "3.4"]
[White "Isik, Alparslan"]
[Black "Kavri, Yusuf Eren"]
[Result "1-0"]
[ECO "E05"]
[WhiteElo "2328"]
[BlackElo "1886"]
[Annotator "ChessBase"]
[PlyCount "115"]
[EventDate "2022.03.25"]
[EventType "swiss"]
[EventCountry "TUR"]
[SourceTitle "playchess.com"]
[Source "ChessBase"]
[SourceQuality "1"]
[TimeControl "5400+30"]

1. Nf3 Nf6 2. c4 e6 3. g3 d5 4. Bg2 Be7 5. O-O O-O 6. d4 dxc4 7. Qc2 a6 8. a4 Bd7 9. Rd1 Bc6 10. Nc3 a5 11. e4 Na6 12. Ne5 Nb4 13. Qe2 h6 14. Qxc4 Nd7 15. Ng4 Nc2 16. Rb1 h5 17. Qe2 hxg4 18. Qxc2 Nb6 19. b3 Bg5 20. d5 exd5 21. Nxd5 Bxd5 22. exd5 Be7 23. Be4 Nd7 24. Bf5 Ne5 25. Bb2 Bd6 26. Qe4 Re8 27. Bxg4 Nxg4 28. Qxg4 Be5 29. Bxe5 Rxe5 30. Qc4 Qd6 31. Rbc1 Rae8 32. Kg2 R8e7 33. Qc5 Qxc5 34. Rxc5 b6 35. Rc6 Rf5 36. Rd2 Rd7 37. d6 Rxd6 38. Rdxd6 cxd6 39. Rxb6 Rd5 40. Kf3 g6 41. Ke2 Re5+ 42. Kd2 Rd5+ 43. Kc3 Rc5+ 44. Kd2 Rd5+ 45. Kc1 Rc5+ 46. Kb1 Rc3 47. f4 d5 48. Kb2 Rf3 49. Rb5 d4 50. Rxa5 Rf2+ 51. Ka3 d3 52. Rd5 d2 53. a5 Rxh2 54. Kb4 Kg7 55. a6 Kf6 56. a7 d1=Q 57. Rxd1 Ra2 58. Rd7 1-0

[Event "Turkish Cup 2022"]
[Site "Sakarya"]
[Date "2022.03.26"]
[Round "3.5"]
[White "Akin, Kadir"]
[Black "Sevgi, Volkan"]
[Result "0-1"]
[ECO "B22"]
[WhiteElo "1964"]
[BlackElo "2344"]
[Annotator "ChessBase"]
[PlyCount "84"]
[EventDate "2022.03.25"]
[EventType "swiss"]
[EventCountry "TUR"]
[SourceTitle "playchess.com"]
[Source "ChessBase"]
[SourceQuality "1"]
[TimeControl "5400+30"]

1. e4 c5 2. c3 Qa5 3. Na3 Nc6 4. Nf3 e6 5. d4 cxd4 6. Nc4 Qd8 7. cxd4 d5 8. exd5 exd5 9. Nce5 Bb4+ 10. Bd2 Qa5 11. a3 Bxd2+ 12. Qxd2 Qxd2+ 13. Kxd2 Nge7 14. Bb5 f6 15. Bxc6+ bxc6 16. Nd3 Bg4 17. Nfe1 Kf7 18. Rc1 Rhb8 19. Rc5 a5 20. f3 Bd7 21. Nc2 Bf5 22. Rb1 Rb6 23. g4 Bxd3 24. Kxd3 h5 25. h3 Ng6 26. b4 axb4 27. Rxb4 Rxa3+ 28. Nxa3 Rxb4 29. Rxc6 Rb3+ 30. Rc3 Nf4+ 31. Kd2 Rxc3 32. Kxc3 h4 33. Kd2 Nxh3 34. Ke3 g5 35. Nb5 Ke7 36. Nc7 Nf4 37. Kf2 Kd7 38. Na6 Nd3+ 39. Ke2 h3 40. Kf1 Kc6 41. Nb8+ Kc7 42. Na6+ Kb7 0-1

[Event "Turkish Cup 2022"]
[Site "Sakarya"]
[Date "2022.03.26"]
[Round "3.6"]
[White "Samani, Yamac"]
[Black "Kayan, Veli"]
[Result "1-0"]
[ECO "B51"]
[WhiteElo "2257"]
[BlackElo "1915"]
[Annotator "ChessBase"]
[PlyCount "114"]
[EventDate "2022.03.25"]
[EventType "swiss"]
[EventCountry "TUR"]
[SourceTitle "playchess.com"]
[Source "ChessBase"]
[SourceQuality "1"]
[TimeControl "5400+30"]

1. e4 c5 2. Nf3 Nc6 3. Nc3 d6 4. Bb5 Bd7 5. O-O a6 6. Bxc6 bxc6 7. e5 d5 8. h3 e6 9. d3 h6 10. Ne2 Be7 11. c4 h5 12. Nh2 Qc7 13. f4 Nh6 14. Be3 Nf5 15. Qd2 a5 16. Nf3 Rb8 17. Bf2 Qb6 18. Nc3 Nd4 19. Qd1 Nxf3+ 20. Qxf3 Qb4 21. Rac1 a4 22. f5 Qa5 23. f6 gxf6 24. exf6 Bd6 25. Bg3 Qc7 26. Bxd6 Qxd6 27. Nxa4 d4 28. Qf4 Qxf4 29. Rxf4 Rg8 30. Kh2 Rg5 31. Re1 Ra8 32. b3 Ra5 33. h4 Rg6 34. Re5 Kd8 35. Rxh5 Kc7 36. Rxc5 Rxc5 37. Nxc5 e5 38. Re4 Bc8 39. Rxe5 Kd6 40. Rh5 Bg4 41. Ne4+ Ke6 42. Rc5 Be2 43. Rxc6+ Kf5 44. Ng3+ Kf4 45. Nxe2+ Ke3 46. Rd6 Kxe2 47. Rxd4 Ke3 48. Re4+ Kxd3 49. Rf4 Ke3 50. Rf3+ Ke4 51. c5 Rh6 52. Kh3 Rh5 53. Rc3 Kd4 54. Rc4+ Kd5 55. c6 Rh8 56. c7 Rc8 57. a4 Ke5 1-0

[Event "Turkish Cup 2022"]
[Site "Sakarya"]
[Date "2022.03.26"]
[Round "3.7"]
[White "Demirag, Batuhan"]
[Black "Huseyinoglu, Alihan"]
[Result "0-1"]
[ECO "A36"]
[WhiteElo "1923"]
[BlackElo "2312"]
[Annotator "ChessBase"]
[PlyCount "82"]
[EventDate "2022.03.25"]
[EventType "swiss"]
[EventCountry "TUR"]
[SourceTitle "playchess.com"]
[Source "ChessBase"]
[SourceQuality "1"]
[TimeControl "5400+30"]

1. c4 g6 2. g3 Bg7 3. Bg2 d6 4. Nc3 c5 5. d3 Nc6 6. Nh3 h5 7. O-O h4 8. Nf4 Nf6 9. a3 hxg3 10. hxg3 Bd7 11. Rb1 Qc8 12. Re1 g5 13. Nfd5 Bh3 14. Nxf6+ Bxf6 15. Be4 Bf5 16. Bg2 Bxc3 17. bxc3 f6 18. Qb3 b6 19. Bxc6+ Qxc6 20. f3 Bxd3 21. Rb2 Bf5 22. Qb5 Bd7 23. Qxc6 Bxc6 24. e4 Kf7 25. Rg2 Rag8 26. g4 Rh3 27. Kf2 Rgh8 28. Be3 Ba4 29. Rb1 Rh1 30. Rxh1 Rxh1 31. Rg1 Rxg1 32. Kxg1 e5 33. Kf2 Bb3 34. Bd2 Bxc4 35. Ke3 Ke6 36. Bc1 Kd7 37. Bb2 Kc6 38. Bc1 Kb5 39. Bb2 Ka4 40. Kd2 Kb3 41. Bc1 b5 0-1

[Event "Turkish Cup 2022"]
[Site "Sakarya"]
[Date "2022.03.26"]
[Round "3.8"]
[White "Eren, Ataberk"]
[Black "Anacak, Hasan Gunes"]
[Result "1-0"]
[ECO "D00"]
[WhiteElo "2306"]
[BlackElo "1798"]
[Annotator "ChessBase"]
[PlyCount "99"]
[EventDate "2022.03.25"]
[EventType "swiss"]
[EventCountry "TUR"]
[SourceTitle "playchess.com"]
[Source "ChessBase"]
[SourceQuality "1"]
[TimeControl "5400+30"]

1. d4 d5 2. Bf4 c5 3. e3 Nc6 4. c3 Nf6 5. Nd2 Bf5 6. Qb3 Qb6 7. dxc5 Qxb3 8. axb3 e5 9. Bg3 Bxc5 10. b4 Bd6 11. b5 Nb8 12. Ngf3 Nbd7 13. Be2 Ne4 14. Nxe4 Bxe4 15. O-O f6 16. Nd2 Bg6 17. Rfd1 Nb6 18. Bf3 Ke7 19. e4 Nc4 20. Nxc4 dxc4 21. Be2 Rhc8 22. Ra4 Bxe4 23. Rxc4 Rxc4 24. Bxc4 Rc8 25. Be2 Bc5 26. Kf1 Bc2 27. Ra1 Bb3 28. f3 Rc7 29. Bf2 b6 30. Bxc5+ bxc5 31. c4 Bc2 32. Kf2 Bf5 33. Ke3 Rd7 34. Ra6 Kd8 35. g4 Bg6 36. h4 Bf7 37. Bd3 Rc7 38. g5 f5 39. b3 g6 40. Kd2 Ke7 41. Kc3 Be6 42. b4 e4 43. fxe4 fxe4 44. Be2 cxb4+ 45. Kxb4 Bc8 46. Rf6 Bb7 47. c5 Bd5 48. c6 e3 49. Kc5 Bb3 50. Rf3 1-0

[Event "Turkish Cup 2022"]
[Site "Sakarya"]
[Date "2022.03.26"]
[Round "3.9"]
[White "Gazioglu, Halit"]
[Black "Ozsakallioglu, Okan"]
[Result "0-1"]
[ECO "D10"]
[WhiteElo "1880"]
[BlackElo "2270"]
[Annotator "ChessBase"]
[PlyCount "80"]
[EventDate "2022.03.25"]
[EventType "swiss"]
[EventCountry "TUR"]
[SourceTitle "playchess.com"]
[Source "ChessBase"]
[SourceQuality "1"]
[TimeControl "5400+30"]

1. d4 d5 2. c4 c6 3. Nc3 dxc4 4. a4 e5 5. Nf3 exd4 6. Qxd4 Qxd4 7. Nxd4 Bc5 8. e3 Bxd4 9. exd4 Be6 10. Bf4 Nf6 11. Bd6 Kd7 12. Ba3 Na6 13. Be2 Nc7 14. O-O Rhe8 15. Rac1 Bd5 16. Rfd1 b6 17. Bf1 a6 18. g3 b5 19. Bh3+ Be6 20. Bg2 Ncd5 21. Bc5 Nxc3 22. bxc3 Bd5 23. Bh3+ Kc7 24. a5 Bf3 25. Re1 Ne4 26. Bb6+ Kd6 27. Bg2 Bxg2 28. Kxg2 Kd5 29. f3 Nxc3 30. Bc5 Na4 31. Be7 f6 32. Re4 c3 33. Kf2 Ra7 34. Bxf6 Rxe4 35. fxe4+ Kxe4 36. Bg5 b4 37. Ke2 Rf7 38. Bf4 Rxf4 39. gxf4 b3 40. Rd1 b2 0-1

[Event "Turkish Cup 2022"]
[Site "Sakarya"]
[Date "2022.03.26"]
[Round "3.10"]
[White "Arcasoy, Tugrul"]
[Black "Yaran, Siar"]
[Result "0-1"]
[ECO "B01"]
[WhiteElo "1883"]
[BlackElo "2272"]
[Annotator "ChessBase"]
[PlyCount "52"]
[EventDate "2022.03.25"]
[EventType "swiss"]
[EventCountry "TUR"]
[SourceTitle "playchess.com"]
[Source "ChessBase"]
[SourceQuality "1"]
[TimeControl "5400+30"]

1. e4 d5 2. exd5 Qxd5 3. Nc3 Qd8 4. d4 Nf6 5. Nf3 Bg4 6. h3 Bxf3 7. Qxf3 c6 8. Bf4 Qxd4 9. Bd3 Nbd7 10. O-O-O Qb6 11. g4 e6 12. Rhe1 Be7 13. Bc4 h6 14. h4 g5 15. hxg5 hxg5 16. Bxg5 Qc5 17. Bxf6 Nxf6 18. Ne4 Nxe4 19. Qxe4 Rd8 20. Rxd8+ Kxd8 21. f4 Kc7 22. g5 Bd6 23. Rf1 Rh4 24. Kd1 Bxf4 25. Rxf4 Qd6+ 26. Bd3 Qxf4 0-1

[Event "Turkish Cup 2022"]
[Site "Sakarya"]
[Date "2022.03.26"]
[Round "3.11"]
[White "Kuru, Atilla"]
[Black "Kirilmaz, Emre"]
[Result "0-1"]
[ECO "A13"]
[WhiteElo "1674"]
[BlackElo "2229"]
[Annotator "ChessBase"]
[PlyCount "84"]
[EventDate "2022.03.25"]
[EventType "swiss"]
[EventCountry "TUR"]
[SourceTitle "playchess.com"]
[Source "ChessBase"]
[SourceQuality "1"]
[TimeControl "5400+30"]

1. c4 e6 2. Nc3 Bb4 3. Nf3 c5 4. e3 Nf6 5. Nb5 O-O 6. a3 Ba5 7. Rb1 Nc6 8. Nd6 Qe7 9. Nxc8 Raxc8 10. Be2 d5 11. b3 e5 12. cxd5 Nxd5 13. O-O e4 14. Ne1 Ne5 15. Qc2 f5 16. Bc4 Nxc4 17. bxc4 Nf6 18. f4 Rfd8 19. Rf2 Rc6 20. Rb5 b6 21. g3 Rcd6 22. h3 Ne8 23. Rb2 Rh6 24. Rh2 Qe6 25. Qa4 Nd6 26. Rc2 Qg6 27. Kf2 Qh5 28. Rb2 Ne8 29. h4 Rhd6 30. Kg1 Nf6 31. Rg2 Ng4 32. Qd1 Qe8 33. Qe2 Qa4 34. Rb1 h5 35. Rb5 g6 36. Kh1 Bxd2 37. Bxd2 Rxd2 38. Qf1 Rxg2 39. Qxg2 Qd1 40. Qg1 Rd2 41. Ng2 Qf3 42. Rb1 Qxg3 0-1

[Event "Turkish Cup 2022"]
[Site "Sakarya"]
[Date "2022.03.26"]
[Round "3.12"]
[White "Durucay, Uygar"]
[Black "Gulbeyaz, Emir"]
[Result "0-1"]
[ECO "E21"]
[WhiteElo "1700"]
[BlackElo "2218"]
[Annotator "ChessBase"]
[PlyCount "146"]
[EventDate "2022.03.25"]
[EventType "swiss"]
[EventCountry "TUR"]
[SourceTitle "playchess.com"]
[Source "ChessBase"]
[SourceQuality "1"]
[TimeControl "5400+30"]

1. d4 Nf6 2. c4 e6 3. Nc3 Bb4 4. e3 b6 5. Bd2 Bb7 6. Nf3 O-O 7. Bd3 d6 8. O-O Nbd7 9. a3 Bxc3 10. Bxc3 Qe7 11. Bc2 Ne4 12. Be1 f5 13. Nd2 Ng5 14. f4 Nf7 15. h3 Kh8 16. Nf3 a6 17. Bh4 Qe8 18. Qe2 b5 19. cxb5 axb5 20. e4 Nh6 21. Rae1 Nb6 22. Ng5 Qd7 23. exf5 exf5 24. Bb3 Bd5 25. Bxd5 Nxd5 26. Qf3 c6 27. Re2 Rae8 28. Rfe1 Rxe2 29. Rxe2 Nf7 30. Nxf7+ Qxf7 31. g3 h6 32. Rf2 Qa7 33. Qd3 Re8 34. g4 Re4 35. gxf5 Re3 36. Qd2 Rxh3 37. Qe2 Re3 38. Qg4 Qxd4 39. Kh2 Re4 40. Qg6 Qe3 41. Bg3 Nf6 42. Rg2 Qf3 43. Qf7 Re2 44. Bf2 Qh5+ 45. Qxh5 Nxh5 46. Bd4 Re4 47. Bc3 d5 48. Be5 Nxf4 49. Bxg7+ Kh7 50. Rg4 h5 51. Rg5 Kg8 52. Bc3+ Kf8 53. Bf6 Kf7 54. Bh8 h4 55. Rg7+ Kf6 56. Rh7+ Kxf5 57. Rxh4 Re2+ 58. Kg3 Re3+ 59. Kf2 Re8 60. Bd4 Re4 61. Bh8 d4 62. Kf1 c5 63. Rh2 Re8 64. Rh6 Ke4 65. Bf6 Re6 66. Bg5 Rxh6 67. Bxh6 c4 68. Bxf4 Kxf4 69. Ke2 Ke4 70. Kd2 d3 71. Kd1 Ke3 72. Ke1 d2+ 73. Kd1 Kd3 0-1

[Event "Turkish Cup 2022"]
[Site "Sakarya"]
[Date "2022.03.26"]
[Round "3.13"]
[White "Yazici, Ugur Doga"]
[Black "Ozcan, Kadir Kutay"]
[Result "1-0"]
[ECO "B51"]
[WhiteElo "2195"]
[BlackElo "1878"]
[Annotator "NA"]
[PlyCount "89"]
[EventDate "2022.03.25"]
[EventType "swiss"]
[EventCountry "TUR"]
[SourceTitle "playchess.com"]
[Source "ChessBase"]
[SourceQuality "1"]
[TimeControl "5400+30"]

1. e4 c5 2. Nf3 d6 3. Bb5+ Nd7 4. c3 Ngf6 5. Qe2 a6 6. Ba4 e6 7. O-O Be7 8. Bc2 O-O 9. a4 b6 10. d4 cxd4 11. cxd4 Bb7 12. Nc3 Re8 13. Rd1 Nf8 14. h3 Ng6 $14 15. Be3 Nh5 16. d5 Nhf4 17. Qf1 e5 18. g3 Nh5 19. Qe2 Qd7 20. Kh2 Bd8 21. Nd2 Nf6 22. Bd3 Bc8 23. Qf1 Qe7 24. Na2 a5 25. Nc3 h5 26. Nb5 h4 27. Nc4 hxg3+ 28. fxg3 Kh7 29. Ncxd6 Rh8 30. Nf5 Qb4 31. Bd2 Qf8 32. Nbd6 Bxf5 33. Nxf5 Kg8 34. Rac1 Be7 35. Rc6 Bc5 36. Qf3 Rc8 37. Bg5 Rxc6 38. dxc6 Nh7 39. Bc1 Qc8 40. Bc4 Nf6 41. Bd5 Ne7 42. Nxe7+ Bxe7 43. Qf5 Qa6 44. Rd2 Kf8 45. c7 1-0

[Event "Turkish Cup 2022"]
[Site "Sakarya"]
[Date "2022.03.26"]
[Round "3.14"]
[White "Zor, Alber Kadir"]
[Black "Gur, Tuba"]
[Result "1-0"]
[ECO "B51"]
[WhiteElo "2147"]
[BlackElo "1750"]
[Annotator "ChessBase"]
[PlyCount "49"]
[EventDate "2022.03.25"]
[EventType "swiss"]
[EventCountry "TUR"]
[SourceTitle "playchess.com"]
[Source "ChessBase"]
[SourceQuality "1"]
[TimeControl "5400+30"]

1. e4 c5 2. Nf3 Nc6 3. Bb5 d6 4. O-O Bg4 5. c3 a6 6. Bxc6+ bxc6 7. d4 cxd4 8. cxd4 Qb6 9. Nc3 e6 10. Be3 d5 11. exd5 Bxf3 12. Qxf3 cxd5 13. Rfe1 Rd8 14. Bf4 Be7 15. Qg3 Rd7 16. Qxg7 Bf6 17. Qg3 Ne7 18. Be5 Rg8 19. Qf4 Bg5 20. Qf3 Bd2 21. Red1 Qxb2 22. Na4 Qb4 23. Nc5 Nf5 24. Nxd7 Kxd7 25. Rab1 1-0

[Event "Turkish Cup 2022"]
[Site "Sakarya"]
[Date "2022.03.26"]
[Round "3.15"]
[White "Ererdem, Gani Eren"]
[Black "Topuz, Mirac Melih"]
[Result "1-0"]
[ECO "D11"]
[WhiteElo "2134"]
[BlackElo "1515"]
[Annotator "NA"]
[PlyCount "91"]
[EventDate "2022.03.25"]
[EventType "swiss"]
[EventCountry "TUR"]
[SourceTitle "playchess.com"]
[Source "ChessBase"]
[SourceQuality "1"]
[TimeControl "5400+30"]

1. Nf3 Nf6 2. d4 d5 3. c4 c6 4. Qc2 g6 5. Bf4 Bg7 6. e3 Na6 7. Nc3 Qa5 8. c5 (8. Rc1 $14) 8... Bf5 $11 9. Qb3 (9. Qd2 $14) 9... Nb4 10. Rc1 O-O 11. a3 Nd3+ 12. Bxd3 Bxd3 13. Qxb7 Rac8 14. Rd1 Bb5 15. a4 Ba6 16. Qxa7 Ne4 17. Qb6 Qxb6 18. cxb6 Nxc3 19. bxc3 Ra8 20. Nd2 e5 21. Bxe5 Bxe5 22. dxe5 Bd3 23. Nf3 Bc4 24. Nd4 Rxa4 25. Nxc6 Ra2 26. Rb1 Ba6 27. Nb4 Ra3 28. Nxa6 Rxa6 29. Ke2 Rb8 30. Rhd1 Ra5 31. Rd4 Rb7 32. f4 Kf8 33. e4 dxe4 34. Ke3 Ra2 35. Kxe4 Rxg2 36. Ra4 Rd2 37. Ra7 Rb8 38. c4 Rbd8 39. Rb3 Re2+ 40. Kf3 Rxh2 41. Kg3 Rhd2 42. b7 Rb8 43. c5 Ke7 44. c6 Kd8 45. Ra8 Kc7 46. Rxb8 1-0

[Event "Turkish Cup 2022"]
[Site "Sakarya"]
[Date "2022.03.26"]
[Round "3.16"]
[White "Isilak, Enes"]
[Black "Arslan, Tayfun"]
[Result "1-0"]
[ECO "E04"]
[WhiteElo "2125"]
[BlackElo "1512"]
[Annotator "NA"]
[PlyCount "131"]
[EventDate "2022.03.25"]
[EventType "swiss"]
[EventCountry "TUR"]
[SourceTitle "playchess.com"]
[Source "ChessBase"]
[SourceQuality "1"]
[TimeControl "5400+30"]

1. d4 Nf6 2. c4 e6 3. g3 d5 4. Nf3 c5 5. Bg2 Nc6 6. O-O dxc4 7. dxc5 Qxd1 8. Rxd1 Bxc5 9. Nbd2 c3 10. bxc3 O-O 11. Nb3 Bb6 12. c4 Ne4 13. e3 e5 14. Bb2 f6 15. Nxe5 Nxf2 16. Nxc6 Nxd1 17. Ne7+ Kh8 18. Rxd1 Bxe3+ 19. Kh1 Bg4 20. Re1 Rad8 21. Nd5 Bh6 22. h3 Bc8 23. Kg1 Rfe8 24. Rxe8+ Rxe8 25. Kf2 b6 26. Bd4 Rd8 27. Be3 Ba6 28. Nd2 Bb7 29. Bxh6 gxh6 30. Ke3 b5 31. Kd4 bxc4 32. Nxc4 Kg7 33. Nce3 Kf7 34. Be4 Rd6 35. Nc4 Rd8 36. g4 h5 37. Kc5 Rc8+ 38. Kd4 Rd8 39. Nce3 hxg4 40. hxg4 Rh8 41. Nf5 Bxd5 42. Bxd5+ Kg6 43. Nd6 h5 44. Bf7+ Kg5 45. Bxh5 Kf4 46. a4 Rb8 47. Kc5 Rb1 48. Nc4 a5 49. Nxa5 Rh1 50. Bf7 Kxg4 51. Nb3 f5 52. Bd5 Rh6 53. Nd4 Ra6 54. Kb5 Rd6 55. Kc5 Ra6 56. Bc6 f4 57. Kb5 Ra7 58. Nf3 Re7 59. a5 Re3 60. a6 Rxf3 61. Bxf3+ Kxf3 62. a7 Ke2 63. a8=Q f3 64. Qe4+ Kf2 65. Kc4 Kg3 66. Kd3 1-0

[Event "Turkish Cup 2022"]
[Site "Sakarya"]
[Date "2022.03.26"]
[Round "3.17"]
[White "Caliskan, Soner"]
[Black "Caputcuoglu, Zeki Berke"]
[Result "0-1"]
[ECO "C54"]
[WhiteElo "1661"]
[BlackElo "2095"]
[Annotator "NA"]
[PlyCount "50"]
[EventDate "2022.03.25"]
[EventType "swiss"]
[EventCountry "TUR"]
[SourceTitle "playchess.com"]
[Source "ChessBase"]
[SourceQuality "1"]
[TimeControl "5400+30"]

1. e4 e5 2. Nf3 Nc6 3. Bc4 Bc5 4. c3 Nf6 5. d4 exd4 6. cxd4 Bb4+ 7. Bd2 Bxd2+ 8. Nbxd2 d5 9. exd5 Nxd5 10. O-O O-O 11. Re1 Nb6 12. Bb3 Bg4 13. Re4 Bh5 14. Qe2 Bg6 15. Re3 Nd5 16. Bxd5 Qxd5 17. Nb3 Rad8 18. Re1 a5 19. Ne5 a4 20. Nxc6 Qxc6 21. Na5 Qb6 22. Re8 Rdxe8 23. Qxe8 Qxa5 24. Qe7 f6 25. Qe6+ Bf7 0-1

[Event "Turkish Cup 2022"]
[Site "Sakarya"]
[Date "2022.03.26"]
[Round "3.18"]
[White "Gulden, Egemen"]
[Black "Zaimov, Berk"]
[Result "1-0"]
[ECO "B10"]
[WhiteElo "2094"]
[BlackElo "1498"]
[Annotator "ChessBase"]
[PlyCount "73"]
[EventDate "2022.03.25"]
[EventType "swiss"]
[EventCountry "TUR"]
[SourceTitle "playchess.com"]
[Source "ChessBase"]
[SourceQuality "1"]
[TimeControl "5400+30"]

1. e4 c6 2. d3 d5 3. Nd2 e5 4. Ngf3 Bd6 5. d4 Bg4 6. exd5 cxd5 7. dxe5 Bxe5 8. Bb5+ Nc6 9. Qe2 f6 10. h3 Bxf3 11. Nxf3 Qd6 12. c3 Nge7 13. Be3 Nf5 14. Rd1 Nxe3 15. Qxe3 O-O 16. O-O Bf4 17. Qd3 Rad8 18. Bc4 Ne7 19. Bb3 Kh8 20. Rfe1 Be5 21. Qe3 d4 22. Nxd4 Qb6 23. Ne6 Rxd1 24. Rxd1 Qxe3 25. fxe3 Re8 26. Rd7 Nf5 27. Kf2 Nd6 28. Nxg7 Ne4+ 29. Kf3 Ng5+ 30. Ke2 Rb8 31. Bd5 h6 32. Nf5 Nh7 33. Nxh6 Nf8 34. Nf7+ Kg7 35. Nxe5+ Nxd7 36. Nxd7 Rd8 37. Be6 1-0

[Event "Turkish Cup 2022"]
[Site "Sakarya"]
[Date "2022.03.26"]
[Round "3.19"]
[White "Kaygisiz, Ozgur Can"]
[Black "Kilic, Eray"]
[Result "0-1"]
[ECO "B90"]
[WhiteElo "1744"]
[BlackElo "2088"]
[Annotator "ChessBase"]
[PlyCount "74"]
[EventDate "2022.03.25"]
[EventType "swiss"]
[EventCountry "TUR"]
[SourceTitle "playchess.com"]
[Source "ChessBase"]
[SourceQuality "1"]
[TimeControl "5400+30"]

1. e4 c5 2. Nf3 d6 3. d4 cxd4 4. Nxd4 Nf6 5. Nc3 a6 6. Be3 e5 7. Nb3 Be6 8. Qd2 Nbd7 9. f3 h5 10. O-O-O Rc8 11. Be2 Be7 12. Kb1 b5 13. a3 Nb6 14. Rhe1 O-O 15. f4 Na4 16. Bf3 Rxc3 17. bxc3 Qc7 18. f5 Nxc3+ 19. Kb2 Nxd1+ 20. Rxd1 Bc4 21. Bg5 Rd8 22. Bxf6 Bxf6 23. c3 d5 24. exd5 e4 25. d6 Qc8 26. d7 Qc7 27. Bxe4 Bxb3 28. Kxb3 Qc4+ 29. Kb2 Qxe4 30. Re1 Rxd7 31. Qf2 Qc4 32. Re8+ Kh7 33. Qc2 Rd3 34. Rc8 Qxc8 35. Qxd3 Qc4 36. Qf3 Qg4 37. Qf2 b4 0-1

[Event "Turkish Cup 2022"]
[Site "Sakarya"]
[Date "2022.03.26"]
[Round "3.20"]
[White "Dolek, Gokalp Deniz"]
[Black "Baltaci, Ismail Tarik"]
[Result "0-1"]
[ECO "A03"]
[WhiteElo "1520"]
[BlackElo "2033"]
[Annotator "ChessBase"]
[PlyCount "64"]
[EventDate "2022.03.25"]
[EventType "swiss"]
[EventCountry "TUR"]
[SourceTitle "playchess.com"]
[Source "ChessBase"]
[SourceQuality "1"]
[TimeControl "5400+30"]

1. f4 d5 2. b3 Nf6 3. Bb2 g6 4. Nf3 Bg7 5. e3 O-O 6. Be2 c5 7. O-O Nc6 8. Bb5 Qb6 9. Bxc6 Qxc6 10. Qe1 Rd8 11. d3 Ne8 12. Bxg7 Kxg7 13. Nbd2 b6 14. Ne5 Qc7 15. Qh4 Nd6 16. g4 f6 17. Nef3 Qd7 18. h3 h5 19. Nh2 Rh8 20. Qg3 hxg4 21. hxg4 Bb7 22. Nhf3 Rh7 23. Kg2 Rah8 24. Rh1 Ne4 25. Rxh7+ Rxh7 26. dxe4 dxe4 27. Re1 exf3+ 28. Nxf3 Qd2+ 29. Kf1 Rh1+ 30. Ng1 Qxc2 31. Qf2 Ba6+ 32. Kg2 Rh2+ 0-1

[Event "Turkish Cup 2022"]
[Site "Sakarya"]
[Date "2022.03.26"]
[Round "3.21"]
[White "Yavuz, Efe Metehan"]
[Black "Aydemir, Umut"]
[Result "1-0"]
[ECO "E60"]
[WhiteElo "2054"]
[BlackElo "1554"]
[Annotator "ChessBase"]
[PlyCount "48"]
[EventDate "2022.03.25"]
[EventType "swiss"]
[EventCountry "TUR"]
[SourceTitle "playchess.com"]
[Source "ChessBase"]
[SourceQuality "1"]
[TimeControl "5400+30"]

1. Nf3 Nf6 2. g3 g6 3. Bg2 Bg7 4. O-O O-O 5. d4 c5 6. d5 d6 7. c4 Bf5 8. h3 Na6 9. Nfd2 Nc7 10. Nc3 a6 11. e4 Bd7 12. f4 Nfe8 13. Re1 b5 14. e5 Rb8 15. b3 a5 16. Bb2 a4 17. cxb5 axb3 18. a4 e6 19. Nxb3 exd5 20. Nxd5 Nxd5 21. Qxd5 Be6 22. Qd1 dxe5 23. Qxd8 Rxd8 24. Nxc5 exf4 1-0

[Event "Turkish Cup 2022"]
[Site "Sakarya"]
[Date "2022.03.26"]
[Round "3.22"]
[White "Erke, Mustafa Yigit"]
[Black "Koc, Ilkay"]
[Result "0-1"]
[ECO "B01"]
[WhiteElo "1517"]
[BlackElo "1995"]
[Annotator "NA"]
[PlyCount "56"]
[EventDate "2022.03.25"]
[EventType "swiss"]
[EventCountry "TUR"]
[SourceTitle "playchess.com"]
[Source "ChessBase"]
[SourceQuality "1"]
[TimeControl "5400+30"]

1. e4 d5 2. exd5 Nf6 3. d4 Nxd5 4. c4 Nb4 5. Qa4+ N8c6 6. d5 Bf5 7. Na3 b5 8. Nxb5 Nc2+ 9. Kd1 a6 10. Na3 Nxa1 11. Bd3 Bd7 12. Nf3 Ne5 13. Bc2 Nxf3 14. gxf3 e6 15. Qa5 Bxa3 16. Qc3 Be7 17. Be4 O-O 18. Rg1 Bf6 19. Qd3 g6 20. Bh6 Bg7 21. Bg5 Bf6 22. Bh6 Qe7 23. Qb1 Rab8 24. Bc1 exd5 25. Bxd5 Ba4+ 26. b3 Nxb3 27. Rxg6+ hxg6 28. Qxg6+ Bg7 0-1

[Event "Turkish Cup 2022"]
[Site "Sakarya"]
[Date "2022.03.26"]
[Round "3.24"]
[White "Maruflu, Enes Yusuf"]
[Black "Ozel, Baran Kemal"]
[Result "1-0"]
[ECO "C68"]
[WhiteElo "1945"]
[BlackElo "1401"]
[Annotator "NA"]
[PlyCount "83"]
[EventDate "2022.03.25"]
[EventType "swiss"]
[EventCountry "TUR"]
[SourceTitle "playchess.com"]
[Source "ChessBase"]
[SourceQuality "1"]
[TimeControl "5400+30"]

1. e4 e5 2. Nf3 Nc6 3. Bb5 a6 4. Bxc6 dxc6 5. d4 exd4 6. Qxd4 Qxd4 7. Nxd4 Bd6 8. Nc3 Ne7 9. Be3 Bd7 10. O-O-O O-O-O 11. Nb3 Rhe8 12. a3 Ng6 13. Nc5 f6 14. Nxd7 Rxd7 15. f3 Red8 16. Ne2 Ne5 17. Kb1 Nc4 18. Bc1 Be5 19. Rxd7 Rxd7 20. b3 Nb6 21. f4 Bd6 22. Rd1 Re7 23. Ng3 g6 24. Rf1 Nd7 25. Bb2 a5 26. a4 b5 27. Bc3 Bb4 28. Bd4 Bc5 29. Bb2 Bd6 30. Kc1 g5 31. e5 fxe5 32. fxg5 e4 33. Nf5 Re8 34. h4 Nc5 35. axb5 cxb5 36. h5 Rg8 37. g6 hxg6 38. Nxd6+ cxd6 39. h6 Kd7 40. h7 Re8 41. h8=Q Rxh8 42. Bxh8 1-0